 Dungeon Crawl Stone Soup version 0.30.1-4-g462c640d31 (webtiles) character file.

Game seed: 4338940070829494555

112 arthad the Covered (level 4, -4/29 HPs)
             Began as a Gargoyle Fighter on Aug 20, 2023.
             Slain by an ogre
             ... wielding a +0 giant club
              (23 damage)
             ... on level 5 of the Dungeon.
             The game lasted 00:02:49 (1340 turns).

arthad the Covered (Gargoyle Fighter)               Turns: 1340, Time: 00:02:49

Health: -4/29      AC: 11    Str: 22    XL:     4   Next: 95%
Magic:  4/4        EV:  9    Int:  8    God:
Gold:   119        SH:  4    Dex:  9    Spells: 3/3 levels left

rFire   . . .        a - +0 flail
rCold   . . .        c - +0 buckler
rNeg    + . .        b - +0 scale mail
rPois   ∞            s - +0 helmet
rElec   +            (no cloak)
rCorr   .            (no gloves)
SInv    .            (no boots)
Will    +....        h - amulet of regeneration Stlth
                     f - ring of willpower
HPRegen 1.04/turn    (no ring)
MPRegen 0.09/turn

%: no passive effects
@: hasted, very quick
A: sickness immunity, AC +3, negative energy resistance 1, electricity
resistance, torment resistance 1, petrification resistance
a: no special abilities


You were on level 5 of the Dungeon.
You visited 1 branch of the dungeon, and saw 4 of its levels.

You collected 119 gold pieces.

Inventory:

Hand Weapons
 a - a +0 flail (weapon)
Missiles
 t - a poisoned dart (quivered)
Armour
 b - a +0 scale mail (worn)
 c - a +0 buckler (worn)
 s - a +0 helmet (worn)
Jewellery
 f - a ring of willpower (left hand)
 h - an amulet of regeneration (around neck)
 u - a ring of willpower
Wands
 q - a wand of paralysis (5)
Scrolls
 g - a scroll of amnesia
 n - a scroll of enchant armour
 o - 3 scrolls of noise
Potions
 d - a potion of might
 e - 2 potions of lignification
 j - a potion of haste
 k - 2 potions of curing {unknown}
 l - a potion of heal wounds {unknown}
 v - a potion of attraction {unknown}


   Skills:
 + Level 4.1 Fighting
 + Level 3.0 Maces & Flails
 + Level 4.1 Armour
 + Level 4.1 Shields


You had 3 spell levels left.
You didn't know any spells.
Your spell library was empty.

Dungeon Overview and Level Annotations

Branches:
Dungeon (3/15)

Altars:


Innate Abilities, Weirdness & Mutations

You are immune to sickness and miasma.
Your stone body is resilient. (AC +3)
You are immune to poison.
You resist negative energy. (rN+)
You are resistant to electric shocks. (rElec)
You are resistant to unholy torment.
You are immune to petrification.


Message History

You thump the ogre!
The ogre is severely wounded.
You feel less wooden.
Your +0 helmet unmelds from your body.
Your +0 scale mail unmelds from your body.
The ogre hits you but does no damage.
It was a potion of haste.
You feel yourself speed up.
You are too injured to fight recklessly!
Throw: 5 darts (poison)
Press: ? - help, Q - select action, (/) - cycle Shift-Dir - straight line, f - ogre
Aim: an ogre, wielding a +0 giant club (severely wounded, 72% to hit)
You throw a poisoned dart. The poisoned dart hits the ogre.
The ogre is poisoned.
The ogre is severely wounded.
Throw: 4 darts (poison)
Press: ? - help, Q - select action, (/) - cycle Shift-Dir - straight line, f/p - ogre
Aim: an ogre, wielding a +0 giant club (severely wounded, poisoned, 72% to hit)
You throw a poisoned dart. The poisoned dart hits the ogre.
The ogre looks even sicker.
The ogre is severely wounded.
Throw: 3 darts (poison)
Press: ? - help, Q - select action, (/) - cycle Shift-Dir - straight line, f/p - ogre
Aim: an ogre, wielding a +0 giant club (severely wounded, very poisoned, 72% to hit)
Okay, then.
Throw: 3 darts (poison)
Press: ? - help, Q - select action, (/) - cycle Shift-Dir - straight line, f/p - ogre
Aim: an ogre, wielding a +0 giant club (almost dead, very poisoned, 72% to hit)
You throw a poisoned dart. The poisoned dart hits the ogre.
The ogre looks even sicker.
The ogre is almost dead.
Throw: 2 darts (poison)
Press: ? - help, Q - select action, (/) - cycle Shift-Dir - straight line, f/p - ogre
Aim: an ogre, wielding a +0 giant club (almost dead, very poisoned, 72% to hit)
You throw a poisoned dart.
The poisoned dart barely misses the ogre.
You hit the ogre but do no damage.
The ogre is almost dead.
The ogre hits you with a +0 giant club!!
Ouch! That really hurt!
You die...

##### ...# ###
##.#####.. #.....##.#
####.....##.# #
#(..(.O@.##.####.#
#.##.##...........#.#
#.##.#...#.....##.##.#.#
.......(..#.#####.##.#.#
#.##......### #......##
####(### ###.....# #.#
#.....# #.# #.....#
##'## .# ##...##


You could see an ogre (very poisoned).

Vanquished Creatures
  A jelly (D:5)
  A sleepcap (D:5)
  An adder (D:2)
  A worm (D:2)
  2 dart slugs (D:1)
  5 bats
  An endoplasm (D:1)
  8 hobgoblins
  3 jackals (D:1)
  3 quokkas
  3 ball pythons
  A frilled lizard (D:2)
  3 goblins (D:1)
  3 kobolds (D:1)
  2 rats
38 creatures vanquished.

Notes
Turn   | Place    | Note
-------+----------+-------------------------------------------
     0 | D:1      | arthad the Gargoyle Fighter began the quest for the Orb.
     0 | D:1      | Reached XP level 1. HP: 14/14 MP: 1/1
    93 | D:1      | Reached XP level 2. HP: 19/19 MP: 2/2
   334 | D:1      | Reached XP level 3. HP: 23/23 MP: 3/3
  1255 | D:3      | You fall into a shaft and drop 2 floors!
  1255 | D:5      | Entered Level 5 of the Dungeon
  1289 | D:5      | Noticed an ogre
  1312 | D:5      | Reached XP level 4. HP: 29/29 MP: 4/4
  1340 | D:5      | Slain by an ogre

Illustrated notes

Levels and vault maps discovered:
D:1:      dpeg_arrival_round_a, layout_basic, minmay_misc_feat_enclosed
D:2:      layout_basic, kennysheep_doodads, minmay_strange_pillars
D:3:      layout_basic, minitemple, portal_sewer_entry_d, dreamdust_wishing_well
D:5:      layout_loops_corners, fedhas_altar_decomposition,
          trog_ov_bears_minmay, grunt_ministairs_4, kennysheep_flooded_box,
          uniq_eustachio

Skill      XL: |  1  2  3  4 |
---------------+-------------+-----
Fighting       | 4 |  4.1
Shields        | 4 |  4.1
Maces & Flails | 3 |  3.0
Armour         | 4 |  4.1

Action                     |  1- 3 |  4- 6 || total
---------------------------+-------+-------++-------
  Melee: Flail             |   132 |    11 ||   143
  Throw: Dart              |       |     4 ||     4
    Use: Scroll            |     6 |       ||     6
         Potion            |     1 |     1 ||     2
 Armour: Scale mail        |    65 |     1 ||    66
         Skin              |    13 |     7 ||    20
  Dodge: Dodged            |    51 |       ||    51
  Block: Buckler           |    33 |     1 ||    34
